 Dungeon Crawl Stone Soup version 0.20.1-1-g8b1a95d66d (webtiles) character file.

13216 Gargoyl the Cleaver (level 11, -13/100 HPs)
             Began as a Centaur Abyssal Knight on Dec 8, 2017.
             Was an Elder of Lugonu.
             Hit by a stone thrown by a minotaur (19 damage)
             ... in a labyrinth.
             The game lasted 00:24:12 (13245 turns).

Gargoyl the Cleaver (Centaur Abyssal Knight)       Turns: 13245, Time: 00:24:13

Health: -13/100    AC: 28    Str: 19    XL:     11   Next: 72%
Magic:  16/17      EV:  3    Int: 11    God:    Lugonu [****..]
Gold:   710        SH:  8    Dex: 11    Spells: 10/10 levels left

rFire    . . .     SeeInvis +   a - +5 hand axe
rCold    . . .     Gourm    .   R - +0 buckler
rNeg     . . .     Faith    .   B - +0 plate armour
rPois    .         Spirit   .   M - +1 hat
rElec    .         Reflect  +   G - +0 cloak
rCorr    .         Harm     .   (no gloves)
MR       .....     Rnd*Rage +   d - +3 centaur barding
Stlth    ..........             i - +5 amulet of reflection
Regen    0.3/turn               x - +3 ring of protection
MPRegen  0.2/turn               s - +3 ring of strength

@: very quick
A: hooves 3, horns 1, thin metallic scales 1, see invisible, berserk 1, deformed
body, speed 2, robust 1, tough skin 3, wild magic 1
a: Depart the Abyss, Bend Space, Banish, Corrupt, Renounce Religion


You were in a labyrinth.
You worshipped Lugonu.
Lugonu was greatly pleased with you.
You were not hungry.

You visited 2 branches of the dungeon, and saw 12 of its levels.
You visited the Abyss 1 time.
You also visited: Labyrinth.

You collected 727 gold pieces.
You spent 17 gold pieces at shops.

Inventory:

Hand Weapons
 a - a +5 hand axe (weapon)
 t - a +0 war axe
Missiles
 e - 6 javelins (quivered)
Armour
 d - a +3 centaur barding (worn)
 B - a +0 plate armour (worn)
 G - a +0 cloak (worn)
 M - a +1 hat (worn)
 R - a +0 buckler (worn)
Jewellery
 i - a +5 amulet of reflection (around neck)
 s - a +3 ring of strength (right hand)
 x - a +3 ring of protection (left hand)
 P - an uncursed ring of poison resistance {unknown}
Wands
 h - a wand of disintegration (8/24)
 m - a wand of paralysis (0/24)
 w - a wand of random effects (12/48)
 z - a wand of confusion (24/48)
 D - a wand of polymorph (10/24)
 I - a wand of lightning (7/15)
 J - a wand of acid (8/15)
 L - a wand of paralysis (14/24)
Scrolls
 j - 5 scrolls of teleportation
 r - a scroll of amnesia
 u - a scroll of identify
 y - 3 scrolls of recharging
 A - a scroll of fear
Potions
 g - 2 potions of flight
 k - a potion of haste {unknown}
 l - 3 potions of degeneration {unknown}
 n - a potion of mutation {unknown}
 o - a potion of berserk rage {unknown}
 v - a potion of invisibility {unknown}
 N - 4 potions of heal wounds {unknown}
 Q - a potion of cancellation {unknown}
Books
 E - a book of Misfortune

   Spells                             Type                      Level
   a - Confusing Touch                Hexes                        1
   b - Confuse                        Hexes                        3
   c - Gell's Gravitas                Translocation                3
   d - Petrify                        Transmutation/Earth          4
   e - Metabolic Englaciation         Hexes/Ice                    5
   f - Yara's Violent Unravelling     Hexes/Transmutation          5
 F - a book of Conjurations

   Spells                             Type                      Level
   a - Magic Dart                     Conjuration                  1
   b - Searing Ray                    Conjuration                  2
   c - Dazzling Spray                 Conjuration/Hexes            3
   d - Fulminant Prism                Conjuration/Hexes            4
   e - Force Lance                    Conjuration/Translocation    4
   f - Iskenderun's Mystic Blast      Conjuration                  4
 K - a Young Poisoner's Handbook

   Spells                             Type                      Level
   a - Sting                          Conjuration/Poison           1
   b - Poisonous Vapours              Poison/Air                   2
   c - Mephitic Cloud                 Conjuration/Poison/Air       3
   d - Olgreb's Toxic Radiance        Poison                       4
   e - Venom Bolt                     Conjuration/Poison           5
Comestibles
 c - 2 bread rations
 f - 5 meat rations
 q - 13 royal jellies
 C - 2 fruits


   Skills:
 + Level 6.6 Fighting
 + Level 9.5 Axes
 + Level 1.6 Throwing
 * Level 9.2 Armour
 + Level 2.9 Dodging
 + Level 1.4 Shields
 * Level 8.9 Invocations
 + Level 1.5 Evocations


You had 10 spell levels left.
You didn't know any spells.

Dungeon Overview and Level Annotations

Branches:
Dungeon (9/15)             Temple (0/1) D:4            Lair (3/6) D:9
  Swamp: Lair:2-4    Shoals: Lair:2-4     Snake: Lair:2-4    Spider: Lair:2-4
    Orc: D:9-12

Altars:
Dithmenos
Elyvilon
Gozag
Hepliaklqana
Makhleb
Sif Muna
Uskayaw
Xom

Shops:
D:6 =*   D:7 %


Innate Abilities, Weirdness & Mutations

You have hooves in place of feet.
Armour fits poorly on your strangely shaped body.
You cover ground very quickly.
You have extremely tough skin. (AC +3)
You have a pair of small horns on your head.
You are partially covered in thin metallic scales. (AC +2)
You have supernaturally acute eyesight. (SInv)
You tend to lose your temper in combat.
You are robust. (+10% HP)
Your spells are a little harder to cast, but a little more powerful.


Message History

You headbutt the minotaur, but do no damage.
The minotaur is almost dead.
The minotaur hits you but does no damage.
The minotaur gores you but does no damage.
Aiming: Disintegrate
Press: ? - help, Shift-Dir - straight line, f/p - minotaur
Aim: a minotaur, wielding a battleaxe and wearing an encrusted chain mail (almost dead, chance to defeat MR: 37%)
The minotaur resists with some effort.
This wand has 9 charges left.
The minotaur hits you but does no damage.
You block the minotaur's attack.
Aiming: Disintegrate
Press: ? - help, Shift-Dir - straight line, f/p - minotaur
Aim: a minotaur, wielding a battleaxe and wearing an encrusted chain mail (almost dead, chance to defeat MR: 37%)
The minotaur resists with some effort.
This wand has 8 charges left.
Space bends around you!
You blink.
The minotaur hits you but does no damage.
The minotaur gores you.
* * * LOW HITPOINT WARNING * * *
The minotaur throws a stone.
The stone hits you!!
You die...

# # # .. .
. ## # # #
.. .
#.#####
#.## #
#..(@.# . .
#####(#.###
#
#...#.#...#
. ##.#..
#(###H#
#.## #
......
..#...# . .
#####
.########.#
# # #
.#..#. . ≈
#(.###. .
#≈<.H.' . #
#.


You could see a minotaur.

Vanquished Creatures
  Gastronok (Lair:2)
  The ghost of zx48k the Covert, a journeyman OpWz of Ashenzari (Lair:2)
  Erica (D:8)
  A two-headed ogre (D:8)
  Pikel (D:6)
  A centaur zombie (D:5)
  A black mamba (Lair:2)
  Maurice (D:8)
  3 spiny frogs
  2 komodo dragons
  A polar bear (Lair:2)
  2 hippogriffs
  A wyvern (Lair:1)
  7 humans
  3 yaks (Lair:2)
  4 hogs (D:8)
  A hungry ghost (D:8)
  Eustachio (D:5)
  Menkaure (D:7)
  4 water moccasins
  A porcupine (Lair:1)
  A sky beast (D:7)
  2 phantoms
  A black bear (D:9)
  6 ogres
  A centaur (D:5)
  3 crocodiles
  9 bullfrogs
  A wyvern skeleton (D:7)
  A scorpion (D:4)
  3 killer bees (D:7)
  4 wights (D:6)
  5 crimson imps
  A bullfrog zombie (D:6)
  3 jellies
  4 orc priests
  5 hounds
  A bullfrog skeleton (D:4)
  7 orc wizards
  2 worker ants
  A hound skeleton (D:5)
  2 adders
  2 shadow imps (D:6)
  A white imp (Abyss:1)
  An ooze (D:1)
  An adder skeleton (D:6)
  2 worms
  2 dart slugs
  3 leopard geckos
  20 orcs
  6 bats
  5 giant cockroaches
  4 goblins
  3 hobgoblins
  19 jackals
  6 kobolds
  A ball python (D:5)
  6 frilled lizards
  A quokka skeleton (D:7)
  4 rats
189 creatures vanquished.

Vanquished Creatures (collateral kills)
  A wight (D:8)
1 creature vanquished.

Vanquished Creatures (others)
  A hydra (Lair:2)
  An adder (D:6)
  An adder skeleton (D:6)
  An orc (D:6)
  A quokka (D:6)
  A plant (D:9)
6 creatures vanquished.

Grand Total: 196 creatures vanquished

Notes
Turn   | Place    | Note
-------+----------+-------------------------------------------
     0 | Abyss:1  | Gargoyl the Centaur Abyssal Knight began the quest for the Orb.
     0 | Abyss:1  | Reached XP level 1. HP: 19/19 MP: 2/2
    61 | Abyss:1  | Noticed an eidolon
    65 | Abyss:1  | Noticed a small abomination
    89 | Abyss:1  | Noticed a revenant
   133 | Abyss:2  | Noticed a hellwing
   137 | Abyss:2  | Noticed a large abomination
   170 | Abyss:2  | Noticed a ynoxinul
   171 | D:1      | Escaped the Abyss
   182 | D:1      | Reached XP level 2. HP: 5/26 MP: 1/3
   695 | D:1      | Reached * piety under Lugonu
   707 | D:1      | Reached XP level 3. HP: 28/31 MP: 4/4
  1392 | D:2      | Found a shimmering altar of Xom.
  1393 | D:2      | Found a shimmering altar of Xom.
  1394 | D:2      | Found a shimmering altar of Xom.
  1421 | D:2      | Reached skill level 1 in Dodging
  1963 | D:2      | Found a burning altar of Makhleb.
  2223 | D:3      | Found a hide-covered altar of Uskayaw.
  2223 | D:3      | Noticed a dagger
  2224 | D:3      | Noticed a dagger
  2549 | D:3      | Reached XP level 4. HP: 32/38 MP: 5/5
  3118 | D:4      | Noticed an ogre
  3155 | D:4      | Reached XP level 5. HP: 27/45 MP: 6/6
  3479 | D:4      | Noticed an ogre
  3490 | D:4      | Killed an ogre
  3762 | D:4      | Reached XP level 6. HP: 51/52 MP: 8/8
  3768 | D:4      | Reached ** piety under Lugonu
  4083 | D:4      | Found a staircase to the Ecumenical Temple.
  4393 | D:5      | Entered Level 5 of the Dungeon
  4425 | D:5      | Reached XP level 7. HP: 24/59 MP: 8/10
  4880 | D:5      | Noticed Eustachio
  4894 | D:5      | Reached XP level 8. HP: 64/66 MP: 11/11
  4915 | D:5      | Killed Eustachio
  5230 | D:5      | Reached skill level 5 in Armour
  5283 | D:5      | Found a hazy altar of Hepliaklqana.
  5353 | D:5      | Found a shadowy altar of Dithmenos.
  5477 | D:6      | Reached skill level 5 in Axes
  5558 | D:6      | Found Datadgh's Jewellery Shoppe.
  5625 | D:6      | Reached skill level 5 in Invocations
  5659 | D:6      | Noticed Pikel
  5695 | D:6      | Killed Pikel
  5695 | D:6      | Reached XP level 9. HP: 22/72 MP: 11/13
  6099 | D:6      | Found Ynaum's Assorted Antiques.
  6105 | D:6      | Bought a scroll labeled UGEIMOA NAXI for 17 gold pieces
  6383 | D:6      | Found a deep blue altar of Sif Muna.
  6459 | D:7      | Noticed Menkaure
  6463 | D:7      | Killed Menkaure
  7154 | D:7      | Gained mutation: You are partially covered in thin metallic scales. (AC +2) [mutagenic meat]
  7155 | D:7      | Gained mutation: You have a pair of small horns on your head. [mutagenic meat]
  7156 | D:7      | Gained mutation: You are robust. (+10% HP) [mutagenic meat]
  7157 | D:7      | Gained mutation: You have supernaturally acute eyesight. (SInv) [mutagenic meat]
  7158 | D:7      | Gained mutation: You tend to lose your temper in combat. [mutagenic meat]
  7159 | D:7      | Gained mutation: Your spells are a little harder to cast, but a little more powerful. [mutagenic meat]
  7215 | D:7      | Found Varoejuk's Food Emporium.
  7283 | D:7      | Reached skill level 5 in Fighting
  7412 | D:7      | Reached *** piety under Lugonu
  7882 | D:8      | Noticed Maurice
  7885 | D:8      | Paralysed by Maurice for 7 turns
  7907 | D:8      | Found a white marble altar of Elyvilon.
  7916 | D:8      | Killed Maurice
  7943 | D:8      | Noticed a two-headed ogre
  7949 | D:8      | Noticed Erica
  7956 | D:8      | Killed a two-headed ogre
  7956 | D:8      | Reached skill level 1 in Evocations
  7956 | D:8      | Reached XP level 10. HP: 58/89 MP: 14/14
  7964 | D:8      | Killed Erica
  7982 | D:8      | Reached skill level 1 in Throwing
  9076 | D:9      | Found an opulent altar of Gozag.
  9492 | D:9      | Found a staircase to the Lair.
  9961 | Lair:1   | Entered Level 1 of the Lair of Beasts
 10007 | Lair:1   | Noticed a spiny frog
 10015 | Lair:1   | Killed a spiny frog
 10015 | Lair:1   | Reached **** piety under Lugonu
 10629 | Lair:1   | Noticed a spiny frog
 10644 | Lair:1   | Killed a spiny frog
 10644 | Lair:1   | Reached XP level 11. HP: 71/97 MP: 16/16
 10944 | Lair:1   | You fall through a shaft!
 11250 | Lair:2   | Noticed zx48k's ghost (journeyman OpWz)
 11498 | Lair:2   | Noticed Gastronok
 11764 | Lair:2   | Killed Gastronok
 11764 | Lair:2   | Reached skill level 1 in Shields
 12086 | Lair:2   | Noticed a four-headed hydra
 12088 | Lair:2   | Banished a four-headed hydra
 12531 | Lair:2   | Killed zx48k's ghost
 12676 | Lair:3   | Found a labyrinth entrance.
 12686 | Lab      | Entered a labyrinth
 13184 | Lab      | Noticed a minotaur
 13216 | Lab      | HP: 5/100 [minotaur/stone (14)]
 13235 | Lab      | HP: 2/100 [minotaur/battleaxe (21)]
 13245 | Lab      | Hit by a stone thrown by a minotaur

Skill      XL: |  1  2  3  4  5  6  7  8  9 10 11 |
---------------+----------------------------------+-----
Axes           | 2 3 4 5 6 8 9 |  9.5
Dodging        | 1 2 |  2.9
Armour         | 2 3 4 5 7 8 9 |  9.2
Invocations    | 3 4 5 6 7 8 |  8.9
Fighting       | 4 5 6 |  6.6
Evocations     | 1 |  1.5
Throwing       | 1 |  1.6
Shields        | 1 |  1.4

Action                   |  1- 3 |  4- 6 |  7- 9 | 10-12 || total
-------------------------+-------+-------+-------+-------++-------
Melee: Hand axe          |   133 |    90 |   293 |   330 ||   846
       Kick              |    19 |    22 |    71 |   113 ||   225
       Headbutt          |       |       |    12 |    67 ||    79
Throw: Javelin           |       |       |     6 |     3 ||     9
Invok: Depart the Abyss  |     1 |       |       |       ||     1
       Bend Space        |       |       |     3 |     1 ||     4
       Banish            |       |       |       |     2 ||     2
Evoke: Wand              |       |     3 |     7 |    31 ||    41
  Use: Scroll            |     6 |     4 |     7 |     8 ||    25
       Potion            |       |       |       |     6 ||     6
 Stab: Paralysed         |       |       |       |     3 ||     3
  Eat: Chunk             |     4 |       |    16 |    14 ||    34
       Bread ration      |       |     1 |       |     1 ||     2
Armor: Leather armour    |    70 |       |       |       ||    70
       Ring mail         |    21 |    32 |       |       ||    53
       Scale mail        |       |    15 |   168 |       ||   183
       Plate armour      |       |       |    53 |   226 ||   279
Dodge: Dodged            |    66 |    26 |    84 |    27 ||   203
Block: Other             |       |       |    15 |    46 ||    61
       Buckler           |       |       |       |    48 ||    48
       Reflection        |       |       |       |     1 ||     1
